 Dungeon Crawl Stone Soup version 0.29.1-15-g9cfb28693d (webtiles) character file.

Game seed: 12706399946937534900

89666 Renzlar the Blocker (level 15, -8/122 HPs)
             Began as a Gnoll Fighter on Mar 12, 2023.
             Was the Champion of Okawaru.
             Mangled by a caustic shrike simulacrum (12 damage)
             ... in an ice cave.
             The game lasted 02:00:21 (21403 turns).

Renzlar the Blocker (Gnoll Fighter)                Turns: 21403, Time: 02:00:22

Health: -8/122     AC: 26    Str: 27    XL:     15   Next: 98%
Magic:  27/29      EV: 20    Int:  9    God:    Okawaru [******]
Gold:   1128       SH:  9    Dex: 18    Spells: 9/35 levels left

rFire   . . .      SeeInvis +   a - +6 war axe of the Middle {flame, rF+ Str+4 Int-3 Dex+2}
rCold   + + .      Faith    .   i - +0 buckler
rNeg    + . .      Spirit   .   T - +7 scale mail of Kuutuh {Str+3 SInv Stlth+}
rPois   .          Reflect  .   g - +1 hat {Stlth+}
rElec   .          Harm     .   A - +2 cloak
rCorr   .          Rampage  .   C - +0 pair of gloves of Fanaticism {Stlth+}
Will    ++...                   N - +0 pair of boots
Stlth   ++++++++..              J - amulet of regeneration
HPRegen 1.10/turn               v - ring of ice
MPRegen 0.21/turn               R - ring of Goergh {Fly rC+ rN+ Str+3 Dex+3}

@: heroic, flying, studying 2 skills
A: fangs 1, strong nose, distributed training, talons 1, strong-willed 1,
mutation resistance 1
a: Renounce Religion, Heroism, Finesse, Duel


You were in an ice cave.
You worshipped Okawaru.
Okawaru was exalted by your worship.
You visited 3 branches of the dungeon, and saw 20 of its levels.
You also visited: Ossuary, Gauntlet and Ice Cave.

You collected 1223 gold pieces.
You spent 95 gold pieces at shops.

Inventory:

Hand Weapons
 a - the +6 war axe of the Middle (weapon) {flame, rF+ Str+4 Int-3 Dex+2}
   (You found it on level 6 of the Dungeon)

   It burns those it strikes, dealing additional fire damage.
   Big, fiery blades are also staple armaments of hydra-hunters.
   Str:       It affects your strength (+4).
   Int:       It affects your intelligence (-3).
   Dex:       It affects your dexterity (+2).
   rF:        It protects you from fire.
 b - the +10 short sword "Vizoruju" {drain, Str+4}
   (You took it off an orc on level 3 of the Dungeon)

   A truly terrible weapon, it drains the life of any living foe it strikes.
   Str:       It affects your strength (+4).
 c - the +7 sling of Nurturing Execution {vorpal, Drain rElec rN+ Int+6}
   (You found it on level 9 of the Dungeon)

   Any ammunition fired from it inflicts extra damage upon your enemies.
   Int:       It affects your intelligence (+6).
   rElec:     It insulates you from electricity.
   rN:        It protects you from negative energy.
   Drain:     It drains your maximum health when unequipped.
 d - a +4 dagger of venom
 z - the +9 great sword of Imucial {spect, rF+ rN+ SInv}
   (Okawaru gifted it to you on level 11 of the Dungeon)

   When its wielder attacks, the weapon's spirit leaps out and strikes again.
   The spirit shares a part of any damage it takes with its wielder.
   rF:        It protects you from fire.
   rN:        It protects you from negative energy.
   SInv:      It lets you see invisible.
Missiles
 u - 13 javelins (quivered)
 G - 28 poisoned darts
 H - 17 curare-tipped darts
 M - a throwing net
Armour
 g - a +1 hat of stealth (worn)
 i - a +0 buckler (worn)
 t - a +0 pair of gloves
 A - a +2 cloak (worn)
 C - the +0 pair of gloves of Fanaticism (worn) {Stlth+}
   (Okawaru gifted it to you on level 4 of the Lair of Beasts)

   Stlth:     It makes you more stealthy.
 F - +1 swamp dragon scales
 N - a +0 pair of boots (worn)
 T - the +7 scale mail of Kuutuh (worn) {Str+3 SInv Stlth+}
   (Okawaru gifted it to you on level 5 of the Lair of Beasts)

   Str:       It affects your strength (+3).
   SInv:      It lets you see invisible.
   Stlth:     It makes you more stealthy.
Jewellery
 m - a ring of protection from fire
 r - a ring of fire
 v - a ring of ice (left hand)
 x - a ring of magical power
 J - an amulet of regeneration (around neck)
 Q - the amulet "Yshe" {Acrobat rN+ Str+5 Stlth-}
   (You found it on level 4 of the Lair of Beasts)

   [amulet of the acrobat]

   It increases your evasion while moving and waiting.
   Str:       It affects your strength (+5).
   rN:        It protects you from negative energy.
   Stlth:     It makes you less stealthy.
 R - the ring of Goergh (right hand) {Fly rC+ rN+ Str+3 Dex+3}
   (You found it on level 4 of the Lair of Beasts)

   [ring of flight]

   Str:       It affects your strength (+3).
   Dex:       It affects your dexterity (+3).
   rC:        It protects you from cold.
   rN:        It protects you from negative energy.
   Fly:       It grants you flight.
 V - a +6 ring of strength
 X - an amulet of reflection
Wands
 k - a wand of mindburst (24)
 s - a wand of flame (39)
 w - a wand of light (4)
 B - a wand of roots (31)
 I - a wand of paralysis (5)
 W - a wand of digging (8)
Scrolls
 h - 3 scrolls of blinking
 j - 8 scrolls of teleportation
 q - 5 scrolls of fear
 D - a scroll of amnesia
 K - a scroll of brand weapon
 L - 12 scrolls of identify
 O - 3 scrolls of poison
Potions
 e - a potion of cancellation
 f - 14 potions of curing
 l - a potion of invisibility
 n - 2 potions of mutation
 o - a potion of flight
 p - 4 potions of resistance
 y - 3 potions of might
 E - 4 potions of lignification
 P - 5 potions of magic
Miscellaneous
 U - a condenser vane


   Skills:
 + Level 12.6(17.6) Fighting
 + Level 10.9(15.9) Short Blades
 + Level 10.9(15.9) Long Blades
 + Level 12.6(17.6) Axes
 + Level 10.9(15.9) Maces & Flails
 + Level 10.9(15.9) Polearms
 + Level 10.9(15.9) Staves
 + Level 10.9(15.9) Ranged Weapons
 + Level 10.9(15.9) Throwing
 + Level 12.6(17.6) Armour
 + Level 10.9(15.9) Dodging
 + Level 10.9(15.9) Stealth
 + Level 12.6(17.6) Shields
 + Level 11.6(16.6) Unarmed Combat
 + Level 10.9 Spellcasting
 + Level 9.1 Conjurations
 + Level 9.1 Hexes
 + Level 9.1 Summonings
 + Level 9.1 Necromancy
 + Level 9.1 Translocations
 + Level 9.1 Transmutations
 + Level 9.1 Fire Magic
 + Level 9.1 Ice Magic
 + Level 9.1 Air Magic
 + Level 9.1 Earth Magic
 + Level 9.1 Poison Magic
 + Level 11.8 Invocations
 + Level 10.9 Evocations


You had 9 spell levels left.
You knew the following spells:

 Your Spells              Type           Power      Damage    Failure   Level
a - Sticky Flame          Conj/Fire      21%        2d4       5%          4
b - Airstrike             Air            10%        2d(2-18)  5%          4
c - Lightning Bolt        Conj/Air       10%        1d23      16%         5
d - Fireball              Conj/Fire      10%        3d6       16%         5
e - Frozen Ramparts       Ice            64%        1d10      1%          3
f - Irradiate             Conj/Tmut      10%        3d15      16%         5

Your spell library contained the following spells:

 Spells                   Type           Power      Damage    Failure   Level
 Freeze                   Ice            100%       1d11      1%          1
 Sting                    Tmut/Pois      84%        1d7       1%          1
 Passwall                 Tmut/Erth      17%        N/A       1%          2
 Scorch                   Fire           42%        2d7       1%          2
 Sublimation of Blood     Necr           21%        N/A       1%          2
 Ignite Poison            Fire/Tmut/Pois 21%        N/A       1%          3
 Inner Flame              Hex/Fire       21%        N/A       1%          3
 Hailstorm                Conj/Ice       32%        3d8       5%          4
 Ice Form                 Ice/Tmut       32%        N/A       5%          4
 Petrify                  Tmut/Erth      21%        N/A       5%          4
 Conjure Ball Lightning   Conj/Air       10%        3x3d6     65%         6
 Eringya's Noxious Bog    Tmut/Pois      10%        N/A       65%         6
 Starburst                Conj/Fire      10%        6d5       65%         6
 Discord                  Hex            10%        N/A       100%        8
 Disjunction              Tloc           10%        N/A       100%        8
 Ignition                 Fire           10%        3d5       100%        8
 Summon Lightning Spire   Summ/Air       Unusable   N/A       N/A         4
 Malign Gateway           Summ/Tloc      Unusable   N/A       N/A         7
 Monstrous Menagerie      Summ           Unusable   N/A       N/A         7

Dungeon Overview and Level Annotations

Branches:
Dungeon (14/15)            Temple (1/1) D:4            Lair (5/5) D:10
 Shoals (0/4) Lair:3        Snake (0/4) Lair:3        Slime (0/5) Lair:5
    Orc (0/2) D:10         Vaults (0/5) D:13        Ossuary (visited)
  IceCv (1/1)             Gauntlet (visited)

Altars:
Ashenzari
Gozag
Kikubaaqudgha
Okawaru
Qazlal
Trog
Wu Jian
Xom
Yredelemnul
The Shining One
Jiyva

Shops:
D:4 *

Annotations:
D:6 2 transporters IceCv 1 transporter


Innate Abilities, Weirdness & Mutations

You have very sharp teeth.
Your uncanny sense of smell can sniff out nearby items.
Your experience applies equally to all skills.
You have sharp toenails.
You are strong-willed. (Will+)
You are somewhat resistant to further mutation.


Message History

Okawaru accepts your kill. Okawaru grants you throwing weapons!
Something appears at your feet!
You slash the anaconda simulacrum!
You melt the anaconda simulacrum.
You slash the caustic shrike simulacrum!
You melt the caustic shrike simulacrum!
You slice the golden dragon simulacrum!!
You melt the golden dragon simulacrum!
You closely miss the white very ugly thing.
The caustic shrike simulacrum claws you but does no damage.
The white very ugly thing closely misses you.
The anaconda simulacrum grabs you.
You block the anaconda simulacrum's attack.
The anaconda simulacrum constricts you.
Unknown command.
Unknown command.
You slash the dire elephant simulacrum!
You melt the dire elephant simulacrum.
The dire elephant simulacrum is moderately damaged.
You barely miss the golden dragon simulacrum.
You barely miss the white very ugly thing.
You barely miss the anaconda simulacrum.
You slice the anaconda simulacrum!!
You melt the anaconda simulacrum.
The anaconda simulacrum vaporises!
Okawaru accepts your kill.
You closely miss the caustic shrike simulacrum.
The caustic shrike simulacrum claws you!
* * * LOW HITPOINT WARNING * * *
The caustic shrike simulacrum freezes you!
You resist.
* * * LOW HITPOINT WARNING * * *
You block the anaconda simulacrum's attack.
The anaconda simulacrum barely misses you.
The dire elephant simulacrum misses you.
The dire elephant simulacrum completely misses you.
The white very ugly thing tentacle-slaps you but does no damage.
The golden dragon simulacrum misses you.
The golden dragon simulacrum claws you but does no damage.
The golden dragon simulacrum misses you.
The caustic shrike simulacrum claws you!
You die...

#...###
#........##
..........##
......Z....##
.!.Z8.......#
8.$.........#
©©[$......∩∩#
8.)...uZZ...#
.?..8.Z@....#
......☼Z...##
..........##
#........##
###...####
####


You could see a white very ugly thing, an anaconda simulacrum, an alligator
simulacrum, 2 dire elephant simulacra, a golden dragon simulacrum and a caustic
shrike simulacrum.

Vanquished Creatures
  Gastronok (D:8)
  Agnes (D:14)
  The ghost of Diqos the Cleaver, a journeyman DsAK of Lugonu (Lair:3)
  A minotaur (Gauntlet)
  5 hydras
  Fannar (D:11)
  3 vault guards (D:13)
  A ghost crab (Gauntlet)
  4 boulder beetles
  3 centaur warriors (D:13)
  A catoblepas (D:13)
  3 two-headed ogres
  4 death yaks (Lair:2)
  Urug (Lair:2)
  3 skeletal warriors (D:12)
  Pikel (D:8)
  4 wizards (D:13)
  4 lindwurms (Lair:4)
  A deep elf pyromancer (D:13)
  4 cyclopes
  2 manticores (D:12)
  12 ugly things
  27 elephants
  A guardian serpent (Lair:3)
  An ice statue (Gauntlet)
  A black mamba (shapeshifter) (D:13)
  3 black mambas
  3 torpor snails
  22 cane toads
  Maggie (D:7)
  2 kobold demonologists (D:14)
  2 rime drakes (Gauntlet)
  3 unseen horrors
  An efreet (D:13)
  8 komodo dragons
  2 anaconda simulacra (IceCv)
  3 tyrant leeches (Lair:5)
  A queen bee (Lair:1)
  4 trolls
  The ghost of GigaChad the Chopper, an amateur MiGl (D:4)
  40 blink frogs
  9 dream sheep
  8 slime creatures
  A shadow (D:11)
  3 wraiths
  53 yaks
  18 humans (D:13)
  7 wyverns
  2 basilisks
  13 vampire mosquitoes
  4 acid dragons
  Duvessa (D:5)
  12 water moccasins
  2 orc warriors
  4 ice beasts
  2 black bears
  A sky beast (D:4)
  An ogre (D:6)
  11 wolves
  3 centaurs
  3 kobold brigands
  4 lemures (D:8)
  A phantom (D:4)
  21 bullfrogs
  3 necrophages
  3 wights (D:5)
  Dowan (D:5)
  34 killer bees
  6 electric eels
  4 centaur zombies (Ossuary)
  3 crimson imps (D:7)
  A hound (D:7)
  6 jellies
  2 orc priests
  3 iguanas
  3 gnoll boudas
  6 orc wizards
  A scorpion simulacrum (D:4)
  4 mummies (Ossuary)
  16 gnolls
  9 adders
  2 hound simulacra (D:4)
  4 white imps
  4 worms (D:2)
  2 adder simulacra (D:4)
  46 orcs
  6 endoplasms
  4 giant cockroaches (D:2)
  16 hobgoblins
  3 jackals (D:2)
  14 kobolds
  2 quokkas
  7 ball pythons
  6 bats
  3 frilled lizards
  7 goblins
  6 hobgoblin zombies (Ossuary)
  A rat (D:2)
609 creatures vanquished.

Vanquished Creatures (others)
  A bush (Lair:3)
  53 fungi
  85 plants
139 creatures vanquished.

Grand Total: 748 creatures vanquished

Notes
Turn   | Place    | Note
-------+----------+-------------------------------------------
     0 | D:1      | Renzlar the Gnoll Fighter began the quest for the Orb.
     0 | D:1      | Reached XP level 1. HP: 23/23 MP: 1/1
     6 | D:1      | Noticed a wolf
     6 | D:1      | Noticed an iguana
     6 | D:1      | Noticed a swamp worm
     7 | D:1      | Noticed a redback
     7 | D:1      | Noticed a black bear
   279 | D:1      | Reached XP level 2. HP: 22/29 MP: 2/2
   762 | D:2      | Reached XP level 3. HP: 35/35 MP: 3/3
   964 | D:2      | Reached skill level 1 in Invocations
  1195 | D:2      | Reached skill level 1 in Short Blades
  1195 | D:2      | Reached skill level 1 in Long Blades
  1195 | D:2      | Reached skill level 1 in Maces & Flails
  1195 | D:2      | Reached skill level 1 in Polearms
  1195 | D:2      | Reached skill level 1 in Staves
  1195 | D:2      | Reached skill level 1 in Ranged Weapons
  1195 | D:2      | Reached skill level 1 in Throwing
  1195 | D:2      | Reached skill level 1 in Dodging
  1195 | D:2      | Reached skill level 1 in Stealth
  1195 | D:2      | Reached skill level 1 in Unarmed Combat
  1195 | D:2      | Reached skill level 1 in Spellcasting
  1195 | D:2      | Reached skill level 1 in Evocations
  1298 | D:2      | Reached XP level 4. HP: 41/41 MP: 5/5
  1572 | D:3      | Found a glowing golden altar of the Shining One.
  1747 | D:3      | Found a faded altar of an unknown god.
  2031 | D:3      | Identified the +10 short sword "Vizoruju" {drain, Str+4}
  2063 | D:3      | Reached skill level 1 in Conjurations
  2063 | D:3      | Reached skill level 1 in Hexes
  2063 | D:3      | Reached skill level 1 in Summonings
  2063 | D:3      | Reached skill level 1 in Necromancy
  2063 | D:3      | Reached skill level 1 in Translocations
  2063 | D:3      | Reached skill level 1 in Transmutations
  2063 | D:3      | Reached skill level 1 in Fire Magic
  2063 | D:3      | Reached skill level 1 in Ice Magic
  2063 | D:3      | Reached skill level 1 in Air Magic
  2063 | D:3      | Reached skill level 1 in Earth Magic
  2063 | D:3      | Reached skill level 1 in Poison Magic
  2134 | D:3      | Got the Vellum of Flames
  2141 | D:3      | Got Plato's Discursus on Transmutation
  2480 | D:4      | Noticed a phantom
  2488 | D:4      | Reached XP level 5. HP: 45/47 MP: 7/7
  2491 | D:4      | Killed a phantom
  2516 | D:4      | Found a sand-covered staircase.
  2521 | Ossuary  | Entered an ossuary
  2548 | Ossuary  | Reached XP level 6. HP: 37/53 MP: 8/8
  2569 | Ossuary  | Reached skill level 5 in Axes
  2982 | D:4      | Noticed a sky beast
  2989 | D:4      | Reached XP level 7. HP: 60/60 MP: 10/10
  3452 | D:4      | Noticed GigaChad's ghost (amateur MiGl)
  3532 | D:4      | Found Dyamoiz's Assorted Antiques.
  3542 | D:4      | Bought a large wooden ring for 95 gold pieces
  3558 | D:4      | Found a staircase to the Ecumenical Temple.
  3568 | Temple   | Entered the Ecumenical Temple
  3579 | Temple   | Became a worshipper of Warmaster Okawaru
  3634 | D:4      | Found a runed translucent gate.
  3634 | D:4      | Found a runed translucent gate.
  3634 | D:4      | Found a runed translucent gate.
  3699 | D:4      | Killed GigaChad's ghost
  3700 | D:4      | Reached XP level 8. HP: 25/67 MP: 10/12
  4150 | D:5      | Entered Level 5 of the Dungeon
  4214 | D:5      | Reached * piety under Okawaru
  4316 | D:5      | Found an ancient bone altar of Kikubaaqudgha.
  4527 | D:5      | Noticed Duvessa
  4527 | D:5      | Noticed Dowan
  4539 | D:5      | Killed Duvessa
  4545 | D:5      | Killed Dowan
  5036 | D:5      | Found a broken altar of Ashenzari.
  5036 | D:5      | Found an opulent altar of Gozag.
  5779 | D:6      | Gained mutation: You are strong-willed. (Will+) [potion of
                  | mutation]
  5779 | D:6      | Gained mutation: You have sharp toenails. [potion of
                  | mutation]
  5779 | D:6      | Gained mutation: You are somewhat resistant to further
                  | mutation. [potion of mutation]
  5852 | D:6      | Found a basalt altar of Yredelemnul.
  5854 | D:6      | Noticed a cyclops
  5856 | D:6      | Found a transporter.
  5866 | D:6      | Reached XP level 9. HP: 73/73 MP: 14/14
  5881 | D:6      | Found a transporter.
  5930 | D:6      | Reached ** piety under Okawaru
  6135 | D:6      | Found a stormy altar of Qazlal.
  6410 | D:6      | Identified the +6 war axe of the Middle {flame, rF+ Str+4
                  | Int-3 Dex+2}
  6712 | D:7      | Noticed Maggie
  6725 | D:7      | Killed Maggie
  6726 | D:7      | Reached skill level 5 in Invocations
  6769 | D:7      | Found a shimmering altar of Xom.
  6806 | D:7      | Got the Cyclopedia of the Called Inferno
  7020 | D:7      | Reached *** piety under Okawaru
  7263 | D:7      | Received a gift from Okawaru
  7368 | D:8      | Reached skill level 5 in Short Blades
  7368 | D:8      | Reached skill level 5 in Long Blades
  7368 | D:8      | Reached skill level 5 in Maces & Flails
  7368 | D:8      | Reached skill level 5 in Polearms
  7368 | D:8      | Reached skill level 5 in Staves
  7368 | D:8      | Reached skill level 5 in Ranged Weapons
  7368 | D:8      | Reached skill level 5 in Throwing
  7368 | D:8      | Reached skill level 5 in Dodging
  7368 | D:8      | Reached skill level 5 in Stealth
  7368 | D:8      | Reached skill level 5 in Unarmed Combat
  7368 | D:8      | Reached skill level 5 in Spellcasting
  7368 | D:8      | Reached skill level 5 in Evocations
  7368 | D:8      | Reached XP level 10. HP: 81/81 MP: 17/17
  7528 | D:8      | Noticed Pikel
  7547 | D:8      | Killed Pikel
  7760 | D:8      | Noticed Gastronok
  7778 | D:8      | Killed Gastronok
  7778 | D:8      | Reached **** piety under Okawaru
  8450 | D:9      | Reached ***** piety under Okawaru
  8523 | D:9      | Found an ornate altar of the Wu Jian Council.
  8630 | D:9      | Identified the +7 sling of Nurturing Execution {vorpal,
                  | Drain rElec rN+ Int+6}
  9217 | D:10     | Entered Level 10 of the Dungeon
  9217 | D:10     | Noticed a two-headed ogre
  9244 | D:10     | Received a gift from Okawaru
  9249 | D:10     | Reached skill level 5 in Conjurations
  9249 | D:10     | Reached skill level 5 in Hexes
  9249 | D:10     | Reached skill level 5 in Summonings
  9249 | D:10     | Reached skill level 5 in Necromancy
  9249 | D:10     | Reached skill level 5 in Translocations
  9249 | D:10     | Reached skill level 5 in Transmutations
  9249 | D:10     | Reached skill level 5 in Fire Magic
  9249 | D:10     | Reached skill level 5 in Ice Magic
  9249 | D:10     | Reached skill level 5 in Air Magic
  9249 | D:10     | Reached skill level 5 in Earth Magic
  9249 | D:10     | Reached skill level 5 in Poison Magic
  9249 | D:10     | Reached XP level 11. HP: 81/89 MP: 18/20
  9254 | D:10     | Killed a two-headed ogre
  9254 | D:10     | Received a gift from Okawaru
  9570 | D:10     | Learned a level 4 spell: Sticky Flame
 10015 | D:10     | Found a staircase to the Orcish Mines.
 10126 | D:10     | Found a staircase to the Lair.
 10225 | D:10     | Found a bloodstained altar of Trog.
 10503 | Lair:1   | Entered Level 1 of the Lair of Beasts
 11051 | Lair:1   | Received a gift from Okawaru
 11314 | Lair:1   | Received a gift from Okawaru
 11729 | Lair:1   | Reached XP level 12. HP: 89/97 MP: 18/22
 12267 | Lair:1   | Noticed a four-headed hydra
 12274 | Lair:1   | Killed a three-headed hydra
 12320 | Lair:1   | Identified the +1 robe of Peek-a-Boo {rF+} (Okawaru gifted
                  | it to you on level 1 of the Lair of Beasts)
 12320 | Lair:1   | Received a gift from Okawaru
 12615 | Lair:2   | Reached skill level 10 in Fighting
 12615 | Lair:2   | Reached skill level 10 in Armour
 12615 | Lair:2   | Reached skill level 10 in Shields
 12760 | Lair:2   | Noticed a death yak
 12761 | Lair:2   | Noticed a death yak
 12761 | Lair:2   | Noticed a death yak
 12762 | Lair:2   | Noticed a death yak
 12776 | Lair:2   | Killed a death yak
 12781 | Lair:2   | Killed a death yak
 12789 | Lair:2   | Killed a death yak
 12799 | Lair:2   | Killed a death yak
 13490 | Lair:2   | Noticed Urug
 13503 | Lair:2   | Killed Urug
 13503 | Lair:2   | Reached ****** piety under Okawaru
 13820 | Lair:3   | Found a staircase to the Snake Pit.
 14237 | Lair:3   | Reached XP level 13. HP: 104/104 MP: 25/25
 14313 | Lair:3   | Received a gift from Okawaru
 14345 | Lair:3   | Found a runed translucent door.
 14348 | Lair:3   | Noticed Diqos's ghost (journeyman DsAK)
 14371 | Lair:3   | Killed Diqos's ghost
 14436 | Lair:3   | Received a gift from Okawaru
 14626 | Lair:3   | Learned a level 4 spell: Airstrike
 14629 | Lair:3   | Found a staircase to the Shoals.
 14682 | Lair:3   | Received a gift from Okawaru
 15273 | Lair:4   | Reached skill level 10 in Axes
 15545 | Lair:4   | Identified the +1 robe of Fashionability {rElec rF+ Stlth+}
 15552 | Lair:4   | Learned a level 5 spell: Lightning Bolt
 15558 | Lair:4   | Received a gift from Okawaru
 15995 | Lair:4   | Identified the +0 pair of gloves of Fanaticism {Stlth+}
                  | (Okawaru gifted it to you on level 4 of the Lair of Beasts)
 15995 | Lair:4   | Received a gift from Okawaru
 16050 | Lair:4   | Identified the amulet "Yshe" {Acrobat rN+ Str+5 Stlth-}
 16052 | Lair:4   | Identified the ring of Goergh {Fly rC+ rN+ Str+3 Dex+3}
 16093 | Lair:5   | Entered Level 5 of the Lair of Beasts
 16134 | Lair:4   | Reached XP level 14. HP: 90/113 MP: 27/27
 16135 | Lair:4   | Reached skill level 10 in Invocations
 16640 | Lair:5   | Learned a level 5 spell: Fireball
 16725 | Lair:5   | Identified the +7 scale mail of Kuutuh {Str+3 SInv Stlth+}
                  | (Okawaru gifted it to you on level 5 of the Lair of Beasts)
 16725 | Lair:5   | Received a gift from Okawaru
 17632 | Lair:5   | Found a staircase to the Slime Pits.
 17632 | Lair:5   | Found a viscous altar of Jiyva.
 17982 | D:11     | Found a gate leading to a gauntlet.
 17991 | Gauntlet | Entered a Gauntlet
 17991 | Gauntlet | Found a transporter.
 17991 | Gauntlet | Found a transporter.
 17995 | Gauntlet | Found a transporter.
 17995 | Gauntlet | Found a transporter.
 17999 | Gauntlet | Found a transporter.
 18000 | Gauntlet | Found a transporter.
 18034 | Gauntlet | Found a transporter.
 18037 | Gauntlet | Found a transporter.
 18041 | Gauntlet | Found a runed translucent door.
 18048 | Gauntlet | Found a runed translucent door.
 18051 | Gauntlet | Found a transporter.
 18068 | Gauntlet | Found a transporter.
 18084 | Gauntlet | Found a transporter.
 18105 | Gauntlet | Found a transporter.
 18107 | Gauntlet | Found a runed translucent gate.
 18107 | Gauntlet | Found a runed translucent gate.
 18107 | Gauntlet | Found a runed translucent gate.
 18170 | Gauntlet | Reached skill level 10 in Short Blades
 18170 | Gauntlet | Reached skill level 10 in Long Blades
 18170 | Gauntlet | Reached skill level 10 in Maces & Flails
 18170 | Gauntlet | Reached skill level 10 in Polearms
 18170 | Gauntlet | Reached skill level 10 in Staves
 18170 | Gauntlet | Reached skill level 10 in Ranged Weapons
 18170 | Gauntlet | Reached skill level 10 in Throwing
 18170 | Gauntlet | Reached skill level 10 in Dodging
 18170 | Gauntlet | Reached skill level 10 in Stealth
 18170 | Gauntlet | Reached skill level 10 in Unarmed Combat
 18170 | Gauntlet | Reached skill level 10 in Spellcasting
 18170 | Gauntlet | Reached skill level 10 in Evocations
 18393 | Gauntlet | Reached XP level 15. HP: 115/120 MP: 25/29
 18398 | Gauntlet | Got the Handbook of Transfiguration
 18403 | Gauntlet | Identified the +1 tower shield of the Present {rC+}
 18403 | Gauntlet | Identified the +0 leather armour of Juc Gyts {+Blink Will+
                  | Str-2 SInv}
 18405 | Gauntlet | Identified the +0 scale mail of Loss {rN+++ Regen+ Int-4
                  | Dex+3}
 18573 | D:11     | Noticed Fannar
 18602 | D:11     | Identified the +9 great sword of Imucial {spect, rF+ rN+
                  | SInv} (Okawaru gifted it to you on level 11 of the Dungeon)
 18602 | D:11     | Received a gift from Okawaru
 18606 | D:11     | Killed Fannar
 18696 | D:11     | Learned a level 3 spell: Frozen Ramparts
 19953 | D:13     | Identified the +2 scale mail "Taun" {rC++ Int+6} (Okawaru
                  | gifted it to you on level 13 of the Dungeon)
 19953 | D:13     | Received a gift from Okawaru
 20567 | D:13     | Found a gate to the Vaults.
 20603 | D:13     | Learned a level 5 spell: Irradiate
 20983 | D:14     | Noticed Agnes
 20992 | D:14     | Killed Agnes
 21215 | D:14     | Received a gift from Okawaru
 21382 | D:14     | Found a frozen archway.
 21392 | IceCv    | Entered an ice cave
 21396 | IceCv    | Found a transporter.
 21402 | IceCv    | Received a gift from Okawaru
 21403 | IceCv    | HP: 4/122 [caustic shrike simulacrum (17)]
 21403 | IceCv    | Mangled by a caustic shrike simulacrum

Illustrated notes

Levels and vault maps discovered:
D:1:      onia_arrival_zoo_common, layout_rooms
D:2:      minmay_general_purpose_star, layout_rooms, serial_bayou_pond_a,
          minmay_diced_spiral
D:3:      layout_loops_ring, mainiacjoe_overflow_catwalk,
          shapermc_ecumenical_altar_rom_forum
D:4:      layout_loops_ring, minmay_temple_entry_statues, gammafunk_ghost_icy,
          serial_shops, nicolae_shop_window_shopping, enter_ossuary_2,
          st_stairs_4, chequers_serial_rivers_micro_c, minivault_11,
          sigmund_army
D:5:      layout_basic, gammafunk_temple_overflow_wave, kiku_gazebo_pond_becter,
          uniq_duvessa
D:6:      layout_basic, nicolae_overflow_hidden_temple,
          gammafunk_temple_overflow_arena
D:7:      layout_cave_pools, led_xom_imps, uniq_maggie
D:8:      layout_cave_pools, uniq_pikel, uniq_gastronok
D:9:      layout_loops_corners, kennysheep_mini_moat
D:10:     layout_basic, trog_hazing_becter, lair_entry_dummy, david_orc_2
D:11:     layout_small_grid, gauntlet_entry_generic, uniq_fannar
D:12:     layout_basic, serial_aquarium, aquarium_bridge_square
          [aquarium_subvault_wall, aquarium_subvault_bridge,
          aquarium_subvault_wall, aquarium_subvault_window], aquarium_window_1,
          aquarium_window_corridor_3, aquarium_window_fake, aquarium_window_2,
          aquarium_view_2e
D:13:     layout_cave_pods, grunt_vaults_entry_tiered,
          hangedman_abyss_or_decor_stagger, minmay_between
D:14:     layout_irregular_city, portal_ice_cave_entry_pillars_2, serial_bayou,
          serial_bayou_pond_d, serial_bayou_pond_b, serial_bayou_crossing,
          serial_bayou_ford_a, serial_bayou_lake_a, uniq_agnes
Temple:   nicolae_temple_god_jail
Lair:1:   layout_loops_ring, special_room [special_room_bee],
          serial_bayou_pond_d, hibernation_bobbens
Lair:2:   layout_regular_city, uniq_urug
Lair:3:   layout_concentric_octagons, shoals_dummy_entry,
          minmay_snake_entry_spellcaster, gammafunk_ghost_grave,
          infiniplex_staircase_pool_2
Lair:4:   layout_loops_ring, minmay_lindwurm_lava
Lair:5:   minmay_lair_end_frog_pond, layout_long_grid,
          minmay_slime_entry_pillars
IceCv:    ice_cave_statue_garden_transporter

Skill      XL: |  1  2  3  4  5  6  7  8  9 10 11 12 13 14 15 |
---------------+----------------------------------------------+-----
Invocations    | 1 2 3 4 5 6 7 8 9 10 11 | 11.8
Short Blades   | 1 2 3 5 6 7 8 9 10 | 10.9
Long Blades    | 1 2 3 5 6 7 8 9 10 | 10.9
Maces & Flails | 1 2 3 5 6 7 8 9 10 | 10.9
Polearms       | 1 2 3 5 6 7 8 9 10 | 10.9
Staves         | 1 2 3 5 6 7 8 9 10 | 10.9
Ranged Weapons | 1 2 3 5 6 7 8 9 10 | 10.9
Throwing       | 1 2 3 5 6 7 8 9 10 | 10.9
Dodging        | 1 2 3 5 6 7 8 9 10 | 10.9
Stealth        | 1 2 3 5 6 7 8 9 10 | 10.9
Unarmed Combat | 1 2 3 5 6 7 8 9 10 11 | 11.6
Spellcasting   | 1 2 3 5 6 7 8 9 10 | 10.9
Evocations     | 1 2 3 5 6 7 8 9 10 | 10.9
Conjurations   | 1 2 3 4 5 6 7 8 9 |  9.1
Hexes          | 1 2 3 4 5 6 7 8 9 |  9.1
Summonings     | 1 2 3 4 5 6 7 8 9 |  9.1
Necromancy     | 1 2 3 4 5 6 7 8 9 |  9.1
Translocations | 1 2 3 4 5 6 7 8 9 |  9.1
Transmutations | 1 2 3 4 5 6 7 8 9 |  9.1
Fire Magic     | 1 2 3 4 5 6 7 8 9 |  9.1
Ice Magic      | 1 2 3 4 5 6 7 8 9 |  9.1
Air Magic      | 1 2 3 4 5 6 7 8 9 |  9.1
Earth Magic    | 1 2 3 4 5 6 7 8 9 |  9.1
Poison Magic   | 1 2 3 4 5 6 7 8 9 |  9.1
Axes           | 5 6 7 8 9 10 11 12 | 12.6
Fighting       | 7 8 9 10 11 12 | 12.6
Armour         | 7 8 9 10 11 12 | 12.6
Shields        | 7 8 9 10 11 12 | 12.6

Action                   |  1- 3 |  4- 6 |  7- 9 | 10-12 | 13-15 || total
-------------------------+-------+-------+-------+-------+-------++-------
Melee: War axe           |    92 |    37 |    74 |   166 |   738 ||  1107
       Bite              |     8 |    15 |    20 |    66 |   138 ||   247
       Morningstar       |       |    29 |    30 |       |       ||    59
       Short sword       |       |    37 |   164 |   320 |    11 ||   532
       Kick              |       |       |    41 |   101 |       ||   142
       Dagger            |       |       |       |   159 |    42 ||   201
       Great sword       |       |       |       |       |    77 ||    77
       Punch             |       |       |       |       |     1 ||     1
 Fire: Sling             |       |    16 |     7 |    30 |     9 ||    62
Throw: Boomerang         |     1 |       |       |       |       ||     1
       Javelin           |       |       |       |     6 |     1 ||     7
       Dart              |       |       |       |     1 |     4 ||     5
 Cast: Sticky Flame      |       |       |       |     3 |    41 ||    44
       Airstrike         |       |       |       |       |     3 ||     3
Invok: Heroism           |       |       |       |     2 |     3 ||     5
Evoke: Wand              |       |       |       |     1 |       ||     1
  Use: Scroll            |     5 |     7 |     9 |     5 |     3 ||    29
       Potion            |       |     4 |     2 |     2 |     3 ||    11
 Stab: Sleeping          |       |       |     1 |     9 |    35 ||    45
       Distracted        |       |       |       |       |     3 ||     3
Armor: Scale mail        |    38 |    84 |    75 |       |   156 ||   353
       Swamp dragon scal |       |       |    18 |   153 |   212 ||   383
       Skin              |       |       |       |    10 |       ||    10
Dodge: Dodged            |    43 |    76 |   184 |   335 |   762 ||  1400
Block: Buckler           |    22 |    52 |    85 |   154 |   299 ||   612
